 Dungeon Crawl Stone Soup version 0.32-a0-868-g153ae1a8d6 (webtiles) character file.

Game seed: 13864583819744262250

49 dialectric the Sneak (level 3, -1/18 HPs)
             Began as a Spriggan Brigand on Mar 28, 2024.
             Slain by a sleepcap (4 damage)
             ... on level 4 of the Dungeon.
             The game lasted 00:02:22 (1857 turns).

dialectric the Sneak (Spriggan Brigand)             Turns: 1857, Time: 00:02:23

Health: -1/18      AC:  3    Str:  6    XL:     3   Next: 51%
Magic:  4/4        EV: 16    Int: 12    God:
Gold:   82         SH:  0    Dex: 16    Spells: 2/2 levels left

rFire   . . .        q - +6 dagger "Viopyod" {freeze, rElec rN++ Str-3}
rCold   . . .        (no shield)
rNeg    + + .        b - +0 robe
rPois   .            (helmet restricted)
rElec   +            c - +0 cloak
rCorr   .            (gloves unavailable)
SInv    +            (boots unavailable)
Will    .....        (no amulet)
Stlth   +++          (no ring)
HPRegen 0.23/turn    (no ring)
MPRegen 0.09/turn

%: no passive effects
@: very quick
A: very small, no large weapons, unfitting armour, see invisible, speed 3
a: no special abilities


You were on level 4 of the Dungeon.
You visited 1 branch of the dungeon, and saw 4 of its levels.

You collected 82 gold pieces.

Inventory:

Hand Weapons
 a - a +2 dagger
 q - the +6 dagger "Viopyod" (weapon) {freeze, rElec rN++ Str-3}
   (You found it on level 3 of the Dungeon)

   Str-3:     It affects your strength (-3).
   rElec:     It insulates you from electricity.
   rN++:      It greatly protects you from negative energy.
 r - a +2 falchion of electrocution
Missiles
 d - 9 poisoned darts (quivered)
 e - 3 curare-tipped darts
Armour
 b - a +0 robe (worn)
 c - a +0 cloak (worn)
Jewellery
 g - a ring of poison resistance
Wands
 p - a wand of paralysis (10)
Scrolls
 f - a scroll of enchant weapon {unknown}
 k - a scroll of poison {unknown}
 l - a scroll of vulnerability {unknown}
 m - 2 scrolls of revelation {unknown}
 n - a scroll of fear {unknown}
Potions
 h - 2 potions of brilliance {unknown}
 i - a potion of haste {unknown}
 j - 2 potions of curing {unknown}
 o - a potion of berserk rage {unknown}
 s - a potion of might {unknown}


   Skills:
 + Level 2.0 Fighting
 + Level 2.5 Short Blades
 + Level 2.4 Throwing
 + Level 2.0 Dodging
 * Level 6.6 Stealth


You had 2 spell levels left.
You didn't know any spells.
Your spell library was empty.

Dungeon Overview and Level Annotations

Branches:
Dungeon (4/15)
 Temple: D:4-7

Altars:
Hepliaklqana
The Shining One

Annotations:
D:2 Robin


Innate Abilities, Weirdness & Mutations

You are very small and have problems with some larger weapons.
You are too small for most types of armour.
You have supernaturally acute eyesight. (SInv)
You cover ground extremely quickly. (Speed+++)


Message History

There is an escape hatch in the floor here.
Done exploring.
Done exploring.
No target in view!
Done exploring.
Key pressed, stopping explore.
No target in view!
Done exploring.
No target in view!
There is a stone staircase leading down here.
You climb downwards.
There is a stone staircase leading up here.
Unknown command.
A sleepcap is nearby!
A sleepcap is nearby!
A sleepcap is nearby!
You hit the sleepcap. You freeze the sleepcap.
The sleepcap is lightly damaged.
The sleepcap releases spores at you.
You are engulfed in a cloud of soporific spores!
You fall asleep.
The sleepcap releases spores at you.
You wake up.
You are engulfed in a cloud of soporific spores!
You are unaffected.
You hit the sleepcap. You freeze the sleepcap.
The sleepcap is moderately damaged.
The sleepcap releases spores at you.
You are engulfed in a cloud of soporific spores!
You are unaffected.
You are too injured to fight recklessly!
You hit the sleepcap but do no damage.
The sleepcap is moderately damaged.
The sleepcap releases spores at you.
* * * LOW HITPOINT WARNING * * *
You are engulfed in a cloud of soporific spores!
You are unaffected.
You hit the sleepcap. You freeze the sleepcap.
The sleepcap is heavily damaged.
The sleepcap releases spores at you.
You die...

###+#
#...#
#...#
#<@f#
#...#
#......
########


You could see a sleepcap.

Vanquished Creatures
  An adder (D:3)
  2 ribbon worms (D:3)
  4 orcs (D:3)
  A bat (D:1)
  An endoplasm (D:3)
  A giant cockroach (D:1)
  3 hobgoblins
  2 jackals (D:1)
  2 quokkas (D:1)
  2 ball pythons
  6 frilled lizards
  2 goblins
  5 rats
32 creatures vanquished.

Notes
Turn   | Place    | Note
-------+----------+-------------------------------------------
     0 | D:1      | dialectric the Spriggan Brigand began the quest for the
                  | Orb.
     0 | D:1      | Reached XP level 1. HP: 10/10 MP: 2/2
   129 | D:1      | Reached skill level 6 in Stealth
   326 | D:1      | Reached XP level 2. HP: 14/15 MP: 3/3
  1014 | D:2      | Noticed Robin
  1256 | D:3      | Identified the +6 dagger "Viopyod" {freeze, rElec rN++
                  | Str-3}
  1324 | D:3      | Found a glowing golden altar of the Shining One.
  1335 | D:3      | Reached XP level 3. HP: 18/18 MP: 4/4
  1362 | D:3      | Found a hazy altar of Hepliaklqana.
  1857 | D:4      | Slain by a sleepcap

Illustrated notes

Levels and vault maps discovered:
D:1:      erik_arrival_triangle_huge, layout_loops_corners
D:2:      layout_loops_cross, basic_altar, minmay_pentomino_r2, uniq_robin
D:3:      layout_loops_corners, tso_metal_star, mainiacjoe_overflow_chevrons,
          hangedman_glass_teeth, corexii_corridor_pit, grunt_ministairs_5
D:4:      layout_gridville, mainiacjoe_overflow_alcove_2,
          cheibrodos_ashenzari_chains, nicolae_ru_sacrificial_ziggurat

Skill      XL: |  1  2  3 |
---------------+----------+-----
Stealth        | 6 |  6.6
Fighting       | 2 |  2.0
Dodging        | 2 |  2.0
Short Blades   | |  2.5
Throwing       | |  2.4

Action                     || total
---------------------------++-------
  Melee: Dagger            ||    62
   Stab: Sleeping          ||    15
 Armour: Robe              ||    19
  Dodge: Dodged            ||    24

Table legend: (Time is in decaauts)
 A = Elapsed time spent in this place.
 B = Non-inter-level travel time spent in this place.
 C = Inter-level travel time spent in this place.
 D = Time resting spent in this place.
 E = Time spent auto-exploring this place.
 F = Levels seen in this place.
 G = Mean time per level.
                   A        B        C        D        E       F      G
               +--------+--------+--------+--------+--------+-----+--------+
         Total |   1176 |   1163 |     13 |      0 |    968 |   4 |  294.0 |
       Dungeon |   1176 |   1163 |     13 |      0 |    968 |   4 |  294.0 |
               +--------+--------+--------+--------+--------+-----+--------+

Top non-repeatable levels by time:
     D:1: 568 daAuts
     D:3: 526 daAuts
     D:2: 77 daAuts
     D:4: 4 daAuts
